 Dungeon Crawl Stone Soup version 0.22-a0-348-gd16d1391c7 (webtiles) character file.

113 Laan the Caller (level 4, -2/24 HPs)
             Began as a Deep Elf Summoner on Apr 8, 2018.
             Slain by a scorpion (8 damage)
             ... on level 4 of the Dungeon.
             The game lasted 00:10:24 (3824 turns).

Laan the Caller (Deep Elf Summoner)                 Turns: 3824, Time: 00:10:25

Health: -2/24      AC:  4    Str:  5    XL:     4   Next: 65%
Magic:  8/12       EV: 13    Int: 21    God:
Gold:   187        SH:  0    Dex: 15    Spells: 6/12 levels left

rFire    + + .     SeeInvis .   k - -2 short sword (curse)
rCold    . . .     Gourm    .   (no shield)
rNeg     . . .     Faith    .   a - +1 robe
rPois    .         Spirit   .   (no helmet)
rElec    .         Reflect  .   (no cloak)
rCorr    .         Harm     .   (no gloves)
MR       .....                  i - +0 pair of boots
Stlth    ++........             (no amulet)
HPRegen  0.08/turn              d - ring of protection from fire
MPRegen  0.13/turn              n - ring of protection from fire

@: lethally poisoned (-2 -> -16)
A: no striking features
a: no special abilities


You were on level 4 of the Dungeon.
You were not hungry.

You visited 1 branch of the dungeon, and saw 4 of its levels.

You collected 187 gold pieces.

Inventory:

Hand Weapons
 f - a +0 dagger of holy wrath
 j - a +2 dagger of chaos
 k - a cursed -2 short sword (weapon)
Armour
 a - a +1 robe (worn)
 i - a +0 pair of boots (worn)
Jewellery
 d - a ring of protection from fire (left hand)
 n - a ring of protection from fire (right hand)
Wands
 p - a wand of iceblast (10)
Scrolls
 b - a scroll of enchant armour
 e - 2 scrolls of teleportation
 h - 5 scrolls of identify
 l - a scroll of blinking
 r - a scroll of enchant weapon
 s - a scroll of immolation {unknown}
Potions
 g - a potion of curing
 m - 3 potions of might {unknown}
 q - a potion of brilliance {unknown}
Comestibles
 c - 6 rations
 o - a chunk of flesh


   Skills:
 - Level 2.4 Dodging
 - Level 2.4 Stealth
 + Level 4.5 Spellcasting
 * Level 6.0 Summonings


You had 6 spell levels left.
You knew the following spells:

 Your Spells              Type           Power        Failure   Level  Hunger
a - Summon Small Mammal   Summ           ####         1%          1    None
b - Summon Guardian Gole  Hex/Summ       ###.....     10%         3    ##.....
c - Call Imp              Summ           ####....     1%          2    #......


Dungeon Overview and Level Annotations

Branches:
Dungeon (4/15)
 Temple: D:4-7

Altars:
Uskayaw
Xom
The Shining One


Message History

Your quokka misses the scorpion.
You feel better.
Your quokka misses the scorpion. The scorpion stings you.
You are lethally poisoned!
The scorpion poisons you!
Your quokka bites the scorpion but does no damage.
Your rat bites the scorpion but does no damage.
Your quokka bites the scorpion.
Your rat misses the scorpion. What are your orders? t - Shout!
Orders for allies: a - Attack new target. r - Retreat! s - Stop attacking. g - Guard the area. f - Follow me.
Anything else - Cancel.
Gang up on whom?
Press: ? - help, Dir - move target cursor, f - scorpion
Aim: a scorpion (moderately wounded) Attack!
* * * LOW HITPOINT WARNING * * *
You feel sick. The scorpion stings you!
You die...

...........#.##
..
..........###.##
#... ........###
##.####.>...
......###
##.....# ....###
#..#### #####
#..#### #
#.....###
##..rr...##
#..@s...?.<#
#...rr......#
#.............
#..(..........
#.............#
#............!#
#.....?......##
............#


You could see a scorpion, 2 friendly quokkas and 2 friendly rats.

Vanquished Creatures
  An orc (D:3)
  A hobgoblin (D:3)
2 creatures vanquished.

Vanquished Creatures (collateral kills)
  A bullfrog skeleton (D:4)
  An orc priest (D:3)
  4 adders
  An ooze (D:1)
  2 worms
  4 dart slugs
  2 leopard geckos (D:3)
  8 orcs
  2 ball pythons (D:3)
  6 giant cockroaches
  8 goblins
  7 hobgoblins
  4 jackals (D:1)
  4 kobolds
  21 bats
  A frilled lizard (D:1)
  A rat (D:2)
77 creatures vanquished.

Grand Total: 79 creatures vanquished

Notes
Turn   | Place    | Note
-------+----------+-------------------------------------------
     0 | D:1      | Laan the Deep Elf Summoner began the quest for the Orb.
     0 | D:1      | Reached XP level 1. HP: 10/10 MP: 6/6
   287 | D:1      | Reached XP level 2. HP: 14/15 MP: 1/8
   911 | D:1      | Found a glowing golden altar of the Shining One.
   935 | D:1      | Reached skill level 5 in Summonings
  1434 | D:2      | Reached XP level 3. HP: 12/19 MP: 3/10
  2521 | D:2      | Found a shimmering altar of Xom.
  2596 | D:3      | Learned a level 3 spell: Summon Guardian Golem
  2599 | D:3      | Learned a level 2 spell: Call Imp
  2818 | D:3      | Reached XP level 4. HP: 22/24 MP: 0/12
  2996 | D:3      | Found a faded altar of an unknown god.
  3646 | D:4      | Found a hide-covered altar of Uskayaw.
  3766 | D:4      | Reached skill level 6 in Summonings
  3824 | D:4      | Slain by a scorpion

Vault maps used:
D:1:      nicolae_arrival_memento_mori, hangedman_decor_growths,
          hangedman_decor_opposing, grunt_decor_mini_mirrors, tso_metal_star
D:2:      tgw_xom, skrybe_limestone_x
D:3:      minmay_wonky_spiral, chequers_ecumenical_altar_simple
D:4:      overflow_temple_1_default

Skill      XL: |  1  2  3  4 |
---------------+-------------+-----
Summonings     | 5 6 |  6.0
Spellcasting   | 4 |  4.5
Dodging        | |  2.4
Stealth        | |  2.4

Action                   |  1- 3 |  4- 6 || total
-------------------------+-------+-------++-------
Melee: Unarmed           |     1 |       ||     1
       Short sword       |    19 |     8 ||    27
       Dagger            |     4 |       ||     4
 Cast: Summon Small Mamm |   156 |    61 ||   217
       Call Imp          |     1 |       ||     1
       Summon Guardian G |     1 |       ||     1
  Use: Scroll            |     6 |       ||     6
       Potion            |     1 |     1 ||     2
 Stab: Distracted        |       |     1 ||     1
  Eat: Chunk             |     6 |     3 ||     9
Armor: Robe              |    36 |     9 ||    45
Dodge: Dodged            |    84 |    28 ||   112

Table legend:
 A = Spawn XP
 B = Non-spawn XP
 C = Spawn XP percentage of total XP
 D = Spawn monster count
 E = Non-spawn monster count
 F = Spawn count percentage of total count
 G = Total turns spent on level
                    A         B        C        D         E        F      G
               +---------+---------+-------+---------+---------+-------+---------
         Total |       0 |     162 |   0.0 |       0 |      79 |   0.0 |  3824
               +---------+---------+-------+---------+---------+-------+---------
           D:1 |       0 |      32 |   0.0 |       0 |      29 |   0.0 |  1366
           D:2 |       0 |      28 |   0.0 |       0 |      18 |   0.0 |  1225
           D:3 |       0 |      80 |   0.0 |       0 |      30 |   0.0 |  1055
           D:4 |       0 |      22 |   0.0 |       0 |       2 |   0.0 |   178
               +---------+---------+-------+---------+---------+-------+---------
